[ AOE2 MATCH · #505793699 ]
UnrankedKhitans vs Turks
Player's team · WIN
Rival team · LOSS
[ REPLAY ANALYSIS · EXTRACTED FROM THE RECORDED GAME ]
Feudal
8:38
Castle
20:26
Imperial
41:36
| APM avg | 48.1 |
| APM peak | 83 |
| eAPM avg | 25.2 |
| Villagers / military | 220 / 263 |
Focus
⚔️ 50.2% · 🌾 49.8%
Cavalry Archer ×114 · Skirmisher ×105 · Archer ×24 · Unknown (1920) ×21 · Trebuchet (Packed) ×7 · Iron Pagoda ×4
Feudal
10:31
Castle
21:33
Imperial
56:49
| APM avg | 55.8 |
| APM peak | 105 |
| eAPM avg | 29.4 |
| Villagers / military | 203 / 334 |
Focus
⚔️ 52.7% · 🌾 47.3%
Cavalry Archer ×110 · Scout Cavalry ×98 · Archer ×86 · Mangonel ×14 · Battering Ram ×14 · Monk ×4
Match map
Initial resources + every placement click. Lines = walls · curves = elevation contours. ◆ gold · ⬟ stone · ● berries · ✦ relic · ◌ wall gap
Your base· ✓ Closed at 20:26 · 17t walls · no gate
CNZS_Dadaya's base· Open — opponent sealed themselves in
Smoothed initial terrain · ◌ = detected wall gap · hover for details
Inputs per minute
— Ghosty - - CNZS_Dadaya
Build order — Ghosty
First 150 of 651 actions detected
| 0:01 | Create | Villager (Male) ×4 |
| 0:02 | Build | House |
| 0:03 | Build | House |
| 1:31 | Create | Villager (Male) |
| 2:08 | Create | Villager (Male) |
| 2:10 | Build | Lumber Camp |
| 2:31 | Create | Villager (Male) |
| 2:35 | Create | Villager (Male) |
| 3:23 | Create | Villager (Male) |
| 3:42 | Create | Villager (Male) |
| 3:52 | Build | House |
| 4:11 | Create | Villager (Male) |
| 4:11 | Create | Villager (Male) |
| 4:33 | Create | Villager (Male) ×2 |
| 4:44 | Build | Mill |
| 4:55 | Create | Villager (Male) |
| 5:09 | Research | Loom |
| 6:28 | Research | Feudal Age |
| 6:41 | Build | Palisade Wall |
| 6:49 | Build | Palisade Wall |
| 6:51 | Build | Palisade Wall |
| 6:52 | Build | Palisade Wall |
| 6:53 | Build | Palisade Wall |
| 7:19 | Create | Villager (Male) |
| 7:22 | Build | Barracks |
| 8:22 | Create | Villager (Male) ×4 |
| 8:28 | Build | House |
| 8:38 | Age | Feudal Age |
| 8:46 | Build | Stable |
| 8:49 | Build | Palisade Wall |
| 8:58 | Research | Double-Bit Axe |
| 8:59 | Research | Double-Bit Axe |
| 9:20 | Build | Palisade Wall |
| 9:28 | Build | House |
| 9:33 | Create | Scout Cavalry |
| 9:33 | Create | Scout Cavalry |
| 9:45 | Create | Villager (Male) |
| 9:47 | Build | Pasture |
| 10:12 | Create | Villager (Male) |
| 10:16 | Build | House |
| 10:24 | Build | Pasture |
| 10:44 | Create | Villager (Male) |
| 10:51 | Create | Villager (Male) |
| 10:51 | Create | Villager (Male) |
| 11:05 | Create | Scout Cavalry |
| 11:26 | Create | Villager (Male) |
| 11:47 | Build | Archery Range |
| 11:52 | Build | Pasture |
| 11:56 | Create | Scout Cavalry |
| 12:04 | Create | Villager (Male) |
| 12:16 | Build | Mining Camp |
| 12:27 | Create | Archer |
| 12:34 | Create | Villager (Male) |
| 12:35 | Create | Villager (Male) |
| 12:41 | Build | House |
| 12:47 | Build | Pasture |
| 12:51 | Create | Villager (Male) |
| 13:20 | Create | Skirmisher |
| 13:32 | Create | Villager (Male) |
| 13:34 | Create | Archer |
| 13:39 | Build | Pasture |
| 13:52 | Create | Villager (Male) |
| 14:29 | Create | Archer |
| 14:34 | Create | Villager (Male) |
| 14:35 | Create | Villager (Male) |
| 14:37 | Build | Blacksmith |
| 14:40 | Create | Archer |
| 14:52 | Build | Pasture |
| 15:03 | Build | House |
| 15:12 | Build | House |
| 15:14 | Build | House |
| 15:16 | Create | Villager (Male) |
| 15:22 | Research | Fletching |
| 15:26 | Create | Villager (Male) |
| 15:35 | Create | Archer |
| 15:37 | Create | Villager (Male) |
| 15:42 | Build | House |
| 15:44 | Build | House |
| 16:09 | Create | Archer |
| 16:11 | Create | Villager (Male) |
| 17:00 | Create | Villager (Male) |
| 17:04 | Build | Archery Range |
| 17:46 | Research | Castle Age |
| 17:52 | Create | Archer |
| 18:01 | Build | Lumber Camp |
| 18:05 | Research | Tech 1014 |
| 18:07 | Create | Archer |
| 18:23 | Create | Archer |
| 18:25 | Research | Gold Mining |
| 18:31 | Create | Archer |
| 18:58 | Research | Padded Archer Armor |
| 18:59 | Create | Archer |
| 19:07 | Create | Archer |
| 19:30 | Create | Archer |
| 19:30 | Create | Archer |
| 19:33 | Create | Villager (Male) |
| 19:34 | Create | Villager (Male) |
| 20:26 | Age | Castle Age |
| 20:28 | Research | Crossbowman (upgrade) |
| 20:29 | Research | Bodkin Arrow |
| 20:33 | Build | University |
| 21:01 | Create | Archer |
| 21:01 | Create | Archer |
| 21:07 | Create | Villager (Male) |
| 21:23 | Create | Villager (Male) |
| 21:42 | Research | Ballistics |
| 21:54 | Create | Archer |
| 22:00 | Research | Town Watch |
| 22:05 | Create | Villager (Male) |
| 22:27 | Create | Villager (Male) |
| 22:32 | Create | Archer |
| 23:05 | Research | Elite Skirmisher (upgrade) |
| 23:05 | Create | Skirmisher |
| 23:06 | Create | Skirmisher |
| 23:17 | Create | Skirmisher |
| 23:21 | Create | Skirmisher |
| 23:24 | Research | Leather Archer Armor |
| 23:25 | Create | Villager (Male) |
| 23:42 | Create | Skirmisher |
| 23:46 | Create | Archer |
| 23:50 | Create | Villager (Male) |
| 23:54 | Build | Pasture |
| 24:21 | Create | Skirmisher |
| 24:25 | Create | Skirmisher |
| 24:27 | Create | Villager (Male) |
| 24:37 | Create | Skirmisher |
| 24:52 | Create | Skirmisher |
| 25:12 | Create | Skirmisher |
| 25:17 | Build | Pasture |
| 25:20 | Create | Skirmisher |
| 25:24 | Create | Skirmisher |
| 25:45 | Build | Town Center |
| 25:46 | Create | Villager (Male) |
| 25:51 | Create | Archer |
| 25:51 | Create | Archer |
| 25:51 | Create | Archer |
| 26:10 | Create | Villager (Male) |
| 26:15 | Create | Archer |
| 26:16 | Create | Archer |
| 26:22 | Create | Skirmisher |
| 26:22 | Create | Skirmisher |
| 26:33 | Create | Skirmisher |
| 26:47 | Create | Villager (Male) |
| 26:56 | Create | Skirmisher |
| 27:23 | Create | Villager (Male) |
| 27:40 | Build | Town Center |
| 27:47 | Create | Skirmisher |
| 27:59 | Create | Skirmisher |
| 28:08 | Build | Pasture |
| 28:33 | Build | Siege Workshop |
Build order — CNZS_Dadaya
First 150 of 787 actions detected
| 0:00 | Create | Villager (Male) |
| 0:00 | Create | Villager (Male) |
| 0:01 | Build | House |
| 0:02 | Build | House |
| 0:06 | Create | Villager (Male) |
| 0:06 | Create | Villager (Male) |
| 1:22 | Create | Villager (Male) |
| 1:23 | Create | Villager (Male) |
| 1:44 | Build | Lumber Camp |
| 1:59 | Create | Villager (Male) |
| 2:24 | Create | Villager (Male) |
| 2:24 | Create | Villager (Male) |
| 2:30 | Create | Villager (Male) |
| 3:07 | Create | Villager (Male) |
| 3:39 | Create | Villager (Male) |
| 3:46 | Create | Villager (Male) |
| 3:52 | Build | House |
| 4:17 | Create | Villager (Male) |
| 4:25 | Build | Barracks |
| 4:43 | Create | Villager (Male) |
| 4:57 | Build | House |
| 5:06 | Create | Villager (Male) |
| 5:21 | Create | Militia |
| 5:21 | Create | Militia |
| 5:27 | Create | Villager (Male) |
| 5:58 | Create | Villager (Male) |
| 6:28 | Build | Mill |
| 6:29 | Create | Villager (Male) |
| 6:53 | Create | Villager (Male) |
| 7:04 | Build | House |
| 7:12 | Create | Villager (Male) |
| 7:48 | Research | Loom |
| 7:54 | Build | Lumber Camp |
| 8:21 | Research | Feudal Age |
| 8:47 | Build | Mining Camp |
| 9:25 | Create | Villager (Male) |
| 9:25 | Create | Villager (Male) |
| 9:43 | Create | Militia |
| 9:58 | Build | House |
| 10:00 | Build | Palisade Wall |
| 10:06 | Build | House |
| 10:11 | Create | Militia |
| 10:17 | Build | House |
| 10:19 | Build | Palisade Wall |
| 10:24 | Build | Palisade Wall |
| 10:31 | Age | Feudal Age |
| 10:34 | Build | Palisade Wall |
| 10:35 | Build | Palisade Wall |
| 10:36 | Research | Double-Bit Axe |
| 10:44 | Research | Man-at-Arms (upgrade) |
| 10:55 | Create | Spearman |
| 11:00 | Build | Farm |
| 11:02 | Build | Farm |
| 11:03 | Build | Farm |
| 11:05 | Build | Farm |
| 11:18 | Create | Villager (Male) |
| 11:45 | Build | Farm |
| 12:07 | Build | Archery Range |
| 12:27 | Create | Villager (Male) |
| 12:27 | Create | Villager (Male) |
| 12:32 | Build | House |
| 12:33 | Build | Palisade Wall |
| 12:48 | Build | Farm |
| 12:52 | Build | Farm |
| 12:53 | Build | Farm |
| 13:04 | Create | Villager (Male) |
| 13:04 | Create | Villager (Male) |
| 13:10 | Create | Archer |
| 13:10 | Create | Archer |
| 13:17 | Create | Spearman |
| 13:28 | Create | Archer |
| 13:36 | Create | Villager (Male) |
| 13:37 | Create | Villager (Male) |
| 13:40 | Create | Archer |
| 13:43 | Build | Palisade Wall |
| 13:46 | Build | House |
| 13:50 | Create | Villager (Male) |
| 13:50 | Create | Villager (Male) |
| 13:56 | Create | Archer |
| 13:57 | Create | Archer |
| 14:10 | Create | Villager (Male) |
| 14:10 | Create | Villager (Male) |
| 14:27 | Create | Archer |
| 14:29 | Create | Villager (Male) |
| 14:32 | Build | Farm |
| 14:38 | Create | Villager (Male) |
| 15:01 | Build | Blacksmith |
| 15:04 | Create | Villager (Male) |
| 15:25 | Build | Farm |
| 15:27 | Create | Villager (Male) |
| 15:29 | Create | Archer |
| 15:45 | Build | House |
| 15:48 | Research | Fletching |
| 15:49 | Create | Archer |
| 16:03 | Create | Archer |
| 16:24 | Create | Villager (Male) |
| 16:42 | Create | Archer |
| 16:42 | Create | Archer |
| 16:59 | Create | Villager (Male) |
| 16:59 | Create | Villager (Male) |
| 17:03 | Build | Archery Range |
| 17:06 | Create | Villager (Male) |
| 17:32 | Build | Market |
| 17:33 | Build | House |
| 17:50 | Build | Farm |
| 17:56 | Build | Palisade Wall |
| 17:58 | Create | Archer |
| 18:16 | Create | Villager (Male) |
| 18:17 | Create | Archer |
| 18:28 | Build | House |
| 18:53 | Research | Castle Age |
| 18:53 | Research | Castle Age |
| 18:57 | Create | Archer |
| 18:57 | Create | Archer |
| 19:13 | Create | Archer |
| 19:13 | Create | Archer |
| 19:25 | Create | Archer |
| 19:25 | Create | Archer |
| 19:45 | Research | Gold Mining |
| 19:46 | Create | Archer |
| 19:47 | Create | Archer |
| 19:51 | Build | Archery Range |
| 20:06 | Build | Farm |
| 20:19 | Create | Archer |
| 20:20 | Create | Archer |
| 20:27 | Build | Farm |
| 20:28 | Build | Farm |
| 20:41 | Create | Archer |
| 20:44 | Create | Archer |
| 21:00 | Create | Archer |
| 21:00 | Create | Archer |
| 21:09 | Build | House |
| 21:12 | Build | House |
| 21:33 | Age | Castle Age |
| 21:34 | Research | Bodkin Arrow |
| 21:35 | Research | Crossbowman (upgrade) |
| 21:38 | Create | Archer |
| 21:38 | Create | Archer |
| 22:01 | Create | Villager (Male) |
| 22:01 | Create | Archer |
| 22:01 | Create | Archer |
| 22:02 | Create | Archer |
| 22:02 | Create | Archer |
| 22:03 | Create | Archer |
| 22:19 | Create | Villager (Male) |
| 22:19 | Create | Villager (Male) |
| 22:24 | Create | Archer |
| 22:24 | Create | Archer |
| 23:05 | Create | Villager (Male) |
| 23:21 | Create | Villager (Male) |
Match timeline
| 4:25 | CNZS_Dadaya · first_building Barracks |
| 6:41 | Ghosty · wall_segment Palisade Wall x5 |
| 6:49 | Ghosty · wall_segment Palisade Wall x7 |
| 6:51 | Ghosty · wall_segment Palisade Wall x1 |
| 6:52 | Ghosty · wall_segment Palisade Wall x1 |
| 6:53 | Ghosty · wall_segment Palisade Wall x1 |
| 7:22 | Ghosty · first_building Barracks |
| 8:38 | Ghosty · age_up feudal |
| 8:46 | Ghosty · first_building Stable |
| 8:49 | Ghosty · wall_segment Palisade Wall x1 |
| 9:20 | Ghosty · wall_segment Palisade Wall x1 |
| 10:00 | CNZS_Dadaya · wall_segment Palisade Wall x9 |
| 10:19 | CNZS_Dadaya · wall_segment Palisade Wall x10 |
| 10:24 | CNZS_Dadaya · wall_segment Palisade Wall x1 |
| 10:31 | CNZS_Dadaya · age_up feudal |
| 10:34 | CNZS_Dadaya · wall_segment Palisade Wall x1 |
| 10:35 | CNZS_Dadaya · wall_segment Palisade Wall x1 |
| 11:47 | Ghosty · first_building Archery Range |
| 12:07 | CNZS_Dadaya · first_building Archery Range |
| 12:33 | CNZS_Dadaya · wall_segment Palisade Wall x4 |
| 13:43 | CNZS_Dadaya · wall_segment Palisade Wall x1 |
| 17:56 | CNZS_Dadaya · wall_segment Palisade Wall x1 |
| 18:44 | CNZS_Dadaya · first_market_buy 100 food |
| 18:46 | CNZS_Dadaya · first_market_sell 100 stone |
| 20:26 | Ghosty · age_up castle |
| 21:33 | CNZS_Dadaya · age_up castle |
| 24:53 | CNZS_Dadaya · first_building Siege Workshop |
| 28:03 | CNZS_Dadaya · first_building Stable |
| 28:23 | CNZS_Dadaya · first_building Monastery |
| 28:33 | Ghosty · first_building Siege Workshop |
| 30:29 | Ghosty · first_building Monastery |
| 37:10 | CNZS_Dadaya · first_building Castle |
| 38:23 | Ghosty · first_market_sell 100 wood |
| 39:06 | Ghosty · first_building Castle |
| 40:38 | Ghosty · first_market_buy 100 wood |
| 41:36 | Ghosty · age_up imperial |
| 56:49 | CNZS_Dadaya · age_up imperial |
| 62:16 | Ghosty · wall_segment Palisade Wall x1 |
| 66:17 | CNZS_Dadaya · resign |
[ AI ANALYSIS · 1 CREDIT ]
What really happened in this match?
Wolo.gg analyzes every decision: build order, eco, micro, common mistakes by bracket. Personalized analysis on WhatsApp or Discord in 30 seconds.
Civ guide
Khitans
Perfil
Jugador #24926497